 Dungeon Crawl Stone Soup version 0.31.0-9-g3a7656b989 (webtiles) character file.

Game seed: 5991123590549235211

9 qw the Shooter (level 2, 0/16 HPs)
             Began as a Deep Elf Hunter on Feb 2, 2024.
             Slain by a kobold
             ... wielding a +0 dagger
              (2 damage)
             ... on level 1 of the Dungeon.
             The game lasted 00:00:00 (92 turns).

qw the Shooter (Deep Elf Hunter)                      Turns: 92, Time: 00:00:01

Health: 0/16       AC:  3    Str:  8    XL:     2   Next: 3%
Magic:  4/4        EV: 12    Int: 13    God:
Gold:   0          SH:  0    Dex: 18    Spells: 1/1 levels left

rFire   . . .        a - +0 shortbow
rCold   . . .        (shield currently unavailable)
rNeg    . . .        c - +0 leather armour
rPois   .            (no helmet)
rElec   .            (no cloak)
rCorr   .            (no gloves)
SInv    .            (no boots)
Will    .....        (no amulet)
Stlth   ++           (no ring)
HPRegen 0.22/turn    (no ring)
MPRegen 0.09/turn

%: no passive effects
@: no status effects
A: no striking features
a: no special abilities


You were on level 1 of the Dungeon.
You visited 1 branch of the dungeon, and saw 1 of its levels.


   Skills:
 - Level 1.5 Fighting
 + Level 6.0 Ranged Weapons
 - Level 2.4 Dodging
 - Level 1.2 Stealth


You had one spell level left.
You didn't know any spells.
Your spell library was empty.

Inventory:

Hand Weapons
 a - a +0 shortbow (weapon)
Armour
 c - a +0 leather armour (worn)
Scrolls
 b - a scroll of butterflies

Dungeon Overview and Level Annotations

Branches:
Dungeon (1/15)

Altars:


Message History

A jackal comes into view. x2
You shoot an arrow. The jackal barks! x2
The arrow hits the jackal.
The jackal is lightly wounded.
You hear an angry hiss.
You hear a shout!
A ball python comes into view.
You hear an angry hiss.
Enter note:
Enter note:
85 ||| RETREEEEATING.
The jackal bites you.
You shoot an arrow. The arrow closely misses the jackal.
The arrow hits the jackal!
You kill the jackal!
The kobold closely misses you. The jackal bites you.
You shoot an arrow. The arrow hits the jackal.
The jackal is moderately wounded.
The jackal closely misses you. The kobold hits you with a +0 dagger.
The jackal closely misses you. The kobold hits you with a +0 dagger.
You shoot an arrow. The arrow misses the jackal.
The arrow hits the jackal but does no damage.
The jackal bites you but does no damage.
The kobold misses you.
You shoot an arrow. The arrow hits the jackal.
The jackal is heavily wounded.
The jackal barely misses you. The jackal bites you. The jackal misses you.
The kobold barely misses you.
You shoot an arrow. The arrow completely misses the jackal.
The jackal bites you but does no damage.
The jackal closely misses you. The kobold hits you but does no damage.
The jackal bites you. x2
You shoot an arrow. The arrow hits the jackal.
You kill the jackal!
The jackal misses you. The kobold misses you.
Your Ranged Weapons skill increases to level 6!
You have reached level 2!
You shoot an arrow. The arrow closely misses the jackal.
The jackal bites you. The kobold hits you with a +0 dagger.
You die...

..### ...... ......
.....# #..... .....#
#..... .....#
#.....##%.S..##
.#.............#
...............#
.......K?......#
.......@h......#
....###........# .. .
#........#
#.#........# ..
#.#........#..
#..........#.#
###..#######.#
##.#####...#######
#####...##...PPPPPPPP


You could see a jackal, a ball python and a kobold.

Vanquished Creatures
  A dart slug (D:1)
  A ball python (D:1)
  A hobgoblin (D:1)
  2 jackals (D:1)
  A rat (D:1)
6 creatures vanquished.

Notes
Turn   | Place    | Note
-------+----------+-------------------------------------------
     0 | D:1      | qw the Deep Elf Hunter began the quest for the Orb.
     0 | D:1      | Reached XP level 1. HP: 12/12 MP: 3/3
     0 | D:1      | 0 ||| qw: Version: 0.3-a-155-g5e7d8dd
     0 | D:1      | 0 ||| qw: Game counter: 1523
     0 | D:1      | 0 ||| qw: Melee chars always use a shield: true
     0 | D:1      | 0 ||| qw: God list: Okawaru
     0 | D:1      | 0 ||| qw: Allow faded altars: false
     0 | D:1      | 0 ||| qw: Do Orc after clearing Dungeon:15 true
     0 | D:1      | 0 ||| qw: Do second Lair branch before Depths: true
     0 | D:1      | 0 ||| qw: Lair rune preference: random
     0 | D:1      | 0 ||| qw: Goals: Normal
     0 | D:1      | 0 ||| PLANNING D:1-11
    85 | D:1      | 85 ||| RETREEEEATING.
    90 | D:1      | HP: 3/12 [jackal (2)]
    92 | D:1      | Reached skill level 6 in Ranged Weapons
    92 | D:1      | Reached XP level 2. HP: 5/16 MP: 4/4
    92 | D:1      | Slain by a kobold

Levels and vault maps discovered:
D:1:      roderic_crop_circles_arrival_small, layout_basic

Skill      XL: |  1 |
---------------+----+-----
Ranged Weapons | 6 |  6.0
Fighting       | |  1.5
Dodging        | |  2.4
Stealth        | |  1.2

Action                     || total
---------------------------++-------
   Fire: Shortbow          ||    17
 Armour: Leather armour    ||    13
  Dodge: Dodged            ||    10

Table legend:
 A = Non-vault XP
 B = Vault XP
 C = Vault XP percentage of total XP
 D = Non-vault monster count
 E = Vault monster count
 F = Vault count percentage of total count
                 A         B        C        D         E       F
            +---------+---------+-------+---------+---------+-------
      Total |      13 |       0 |   0.0 |       6 |       0 |   0.0
            +---------+---------+-------+---------+---------+-------
        D:1 |      13 |       0 |   0.0 |       6 |       0 |   0.0
            +---------+---------+-------+---------+---------+-------
